 Dungeon Crawl Stone Soup version 0.26-a0-466-g989023bd0d (webtiles) character file.

Game seed: 638149552120809638

40 MrRokkomies the Bolt Thrower (level 3, 0/22 HPs)
             Began as a Kobold Hunter on July 29, 2020.
             Slain by an adder (1 damage)
             ... on level 1 of the Dungeon.
             The game lasted 00:02:14 (1406 turns).

MrRokkomies the Bolt Thrower (Kobold Hunter)        Turns: 1406, Time: 00:02:16

Health: 0/22       AC:  3    Str:  9    XL:     3   Next: 72%
Magic:  3/3        EV: 15    Int: 13    God:
Gold:   182        SH:  0    Dex: 15    Spells: 2/2 levels left

rFire    . . .     SeeInvis .   a - +1 hand crossbow
rCold    . . .     Faith    .   (shield restricted)
rNeg     . . .     Spirit   .   c - +0 leather armour
rPois    .         Reflect  .   (no helmet)
rElec    .         Harm     .   (no cloak)
rCorr    .                      (no gloves)
MR       .....                  (no boots)
Stlth    +++.......             (no amulet)
HPRegen  0.07/turn              (no ring)
MPRegen  0.08/turn              (no ring)

@: lethally poisoned (0 -> -6), stab
A: small, nightstalker 3
a: no special abilities


You were on level 1 of the Dungeon.
You visited 1 branch of the dungeon, and saw 2 of its levels.

You collected 182 gold pieces.

Inventory:

Hand Weapons
 a - a +1 hand crossbow (weapon)
 b - a +0 short sword
Missiles
 d - 2 bolts (quivered)
Armour
 c - a +0 leather armour (worn)
Jewellery
 h - an uncursed ring of fire
Potions
 g - a potion of stabbing


   Skills:
 * Level 2.9 Fighting
 * Level 5.3 Crossbows
 + Level 2.8 Dodging
 + Level 2.2 Stealth


You had 2 spell levels left.
You didn't know any spells.
Your spell library was empty.

Dungeon Overview and Level Annotations

Branches:
Dungeon (2/15)

Altars:


Innate Abilities, Weirdness & Mutations

You are small and have problems with some larger weapons.
You are completely attuned to the shadows.


Message History

You feel ready to backstab. The adder bites you.
* * * LOW HITPOINT WARNING * * *
You are more poisoned.
The adder poisons you!
Firing (i - inventory)
d - 4 bolts (quivered)
Press: ? - help, Shift-Dir - straight line, f/p - adder
Aim: an adder (moderately wounded)
You shoot a bolt. The bolt completely misses the adder.
* * * LOW HITPOINT WARNING * * *
You feel sick. The adder closely misses you.
The adder bites you but does no damage.
Firing (i - inventory)
d - 3 bolts (quivered)
Press: ? - help, Shift-Dir - straight line, f/p - adder
Aim: an adder (moderately wounded)
You shoot a bolt.
The bolt hits the adder but does no damage.
The adder is moderately wounded.
The adder closely misses you. The adder bites you.
You die...

#.>..# #........# #... #....#
#........# ##.. #..†.####
#........### ##..
#.......######..........## #...
#....#................#..# #...
#....##.#####....#######.#####...
#....##..........................
#....##..[.>.###############.....
#######.####(((S@...# ###### #.#
########## ######## #.#
####......#### #.#
##[...........# #.#
#......####...[
#######.###########....#######...
#...............##....##.....##..
#.#####.#########....###..##.###.
#.# #.# ##....#....##..##<.###.


You could see an adder.

Vanquished Creatures
  A gnoll (D:1)
  A ball python (D:1)
  2 bats (D:1)
  A giant cockroach (D:1)
  A goblin (D:1)
  3 hobgoblins (D:1)
  9 jackals (D:1)
  A kobold (D:1)
  8 rats (D:1)
27 creatures vanquished.

Notes
Turn   | Place    | Note
-------+----------+-------------------------------------------
     0 | D:1      | MrRokkomies the Kobold Hunter began the quest for the Orb.
     0 | D:1      | Reached XP level 1. HP: 12/12 MP: 1/1
   160 | D:1      | Reached skill level 5 in Crossbows
   160 | D:1      | Reached XP level 2. HP: 12/18 MP: 2/2
   616 | D:1      | Reached XP level 3. HP: 22/22 MP: 3/3
  1405 | D:1      | HP: 1/22 [poisoned by an adder]
  1406 | D:1      | Slain by an adder

Illustrated notes

Levels and vault maps discovered:
D:1:      dpeg_arrival_snail, layout_rooms, minmay_rat_gold_closets
D:2:      layout_rooms, minitemple, chequers_temple_overflow_statue_of_worship

Skill      XL: |  1  2 |
---------------+-------+-----
Crossbows      | 5 |  5.3
Stealth        | 2 |  2.2
Fighting       | |  2.9
Dodging        | |  2.8

Action                   || total
-------------------------++-------
Melee: Short sword       ||    72
 Fire: Hand crossbow     ||    32
  Use: Scroll            ||     2
       Potion            ||     1
 Stab: Sleeping          ||     6
Armor: Leather armour    ||    27
Dodge: Dodged            ||   114

Table legend: (Time is in decaauts)
 A = Elapsed time spent in this place.
 B = Non-inter-level travel time spent in this place.
 C = Inter-level travel time spent in this place.
 D = Time resting spent in this place.
 E = Time spent auto-exploring this place.
 F = Levels seen in this place.
 G = Mean time per level.
                   A        B        C        D        E       F      G
               +--------+--------+--------+--------+--------+-----+--------+
         Total |   1417 |   1384 |     33 |    452 |    675 |   2 |  708.5 |
       Dungeon |   1417 |   1384 |     33 |    452 |    675 |   2 |  708.5 |
               +--------+--------+--------+--------+--------+-----+--------+

Top non-repeatable levels by time:
     D:1: 1412 daAuts
     D:2: 4 daAuts
